 Dungeon Sprint DCSS version 0.30-a0-737-gf23d94013f (webtiles) character file.

Game seed: 2808628264814372003

14 BigDaddyOpFi the Trooper (level 2, -2/24 HPs)
             Began as a Hill Orc Fighter on Feb 1, 2023.
             Was an Initiate of Qazlal.
             Killed from afar by a wretched star (19 damage)
             ... with a lance of force
             ... in the Dungeon (Sprint V: "Ziggurat Sprint").
             The game lasted 00:01:00 (88 turns).

BigDaddyOpFi the Trooper (Hill Orc Fighter)           Turns: 88, Time: 00:01:01

Health: -2/24      AC: 27    Str: 18    XL:     2   Next: 41%
Magic:  1/1        EV:  0    Int:  4    God:    Qazlal [......]
Gold:   0          SH: 26    Dex: 10    Spells: 1/1 levels left

rFire   x x .      SeeInvis .    H - +6 shillelagh "Devastator" {shatter}
rCold   . . .      Faith    .    G - +18 shield of the Gong {Loud rElec rN+ Will+ EV-5}
rNeg    + . .      Spirit   .    F - +15 Maxwell's patent armour {-Cast -Tele rElec Will+ rCorr}
rPois   .          Reflect  .    (no helmet)
rElec   +          Harm     .    (no cloak)
rCorr   +          Rampage  .    (no gloves)
Will    ++...      NoTele   +    (no boots) Stlth NoCast +
                                 (no amulet)
HPRegen 0.00/turn                (no ring)
MPRegen 0.07/turn                (no ring)

@: inhibited regen
A: [dopey 2], [frail 2], [low MP 2], [screaming 2], [inhibited regeneration],
[heat vulnerability 2]
a: Renounce Religion


You were in the Dungeon.
You worshipped Qazlal.
Qazlal was noncommittal.
You visited 1 branch

Inventory:

Hand Weapons
 a - a +0 war axe
 H - the +6 shillelagh "Devastator" (weapon) {shatter}
   (You found it in the Dungeon)
Armour
 b - a +0 scale mail
 c - a +0 buckler
 k - a +5 crystal plate armour
 l - a +3 tower shield
 F - the +15 Maxwell's patent armour (worn) {-Cast -Tele rElec Will+ rCorr}
   (You found it in the Dungeon)

   rElec:     It insulates you from electricity.
   -Cast:     It prevents spellcasting.
   -Tele:     It prevents most forms of teleportation.
   rCorr:     It protects you from acid and corrosion.
   Will:      It increases your willpower.
 G - the +18 shield of the Gong (worn) {Loud rElec rN+ Will+ EV-5}
   (You found it in the Dungeon)

   Loud:      It is deafeningly noisy when blocking attacks.
   EV:        It affects your evasion (-5).
   rElec:     It insulates you from electricity.
   rN:        It protects you from negative energy.
   Will:      It increases your willpower.
Jewellery
 x - a ring of flight
 y - a +6 ring of dexterity
 z - a +6 ring of dexterity
 A - a +6 ring of intelligence
 B - a +6 ring of intelligence
 C - a +6 ring of strength
 D - a +6 ring of strength
Wands
 u - a wand of mindburst (7)
 v - a wand of iceblast (7)
 w - a wand of acid (7)
Scrolls
 j - 4 scrolls of blinking
 q - 4 scrolls of amnesia
 r - 7 scrolls of fog
 s - 5 scrolls of identify
 t - 2 scrolls of fear
Potions
 d - 6 potions of might
 e - 10 potions of curing
 f - 8 potions of heal wounds
 g - 6 potions of haste
 h - 7 potions of magic
 i - 3 potions of berserk rage
 m - 2 potions of brilliance
 n - 2 potions of invisibility
 o - 4 potions of resistance
Miscellaneous
 E - a lightning rod (4/4)


   Skills:
 + Level 5.8 Fighting
 - Level 2.6(4.1) Axes
 + Level 3.9(4.2) Maces & Flails
 + Level 5.3 Armour
 + Level 5.3 Shields
 + Level 0.0 Invocations


You had one spell level left.
You didn't know any spells.
Your spell library was empty.

Dungeon Overview and Level Annotations

Branches:
Dungeon (1/1)

Altars:
Ashenzari
Cheibriados
Dithmenos
Elyvilon
Fedhas
Gozag
Hepliaklqana
Kikubaaqudgha
Makhleb
Nemelex Xobeh
Okawaru
Qazlal
Ru
Sif Muna
Trog
Uskayaw
Vehumet
Wu Jian
Xom
Yredelemnul
Zin
The Shining One
Beogh
Jiyva
Lugonu

Annotations:
D 1 transporter


Innate Abilities, Weirdness & Mutations

[You are very dopey. (Int -4)]
[You are very frail. (-20% HP)]
[Your magical capacity is very low. (-20% MP)]
[You frequently scream uncontrollably at your foes.]
[You do not regenerate when monsters are visible.]
[You are very vulnerable to heat. (rF--)]


Message History

Ouch! That really hurt!
You feel much better.
You hit the wretched star.
The wretched star is lightly damaged.
The wretched star pulses with an eldritch light!
You feel vulnerable to heat. x2; You feel stupid. x2
The wretched star glows turbulently.
You block the lance of force.
GONNNNG!
Unknown command.
You closely miss the wretched star.
The wretched star is lightly damaged.
The wretched star glows turbulently.
The lance of force hits you!
Ouch! That really hurt!
You feel much better.
The wretched star glows turbulently.
The lance of force hits you.
You hit the wretched star but do no damage.
The wretched star is lightly damaged.
You hit the wretched star but do no damage.
The wretched star is lightly damaged.
The wretched star glows turbulently.
The lance of force hits you but does no damage.
The wretched star glows turbulently.
You block the lance of force.
GONNNNG!
You sock the wretched star!
The wretched star is lightly damaged.
You barely miss the wretched star.
The wretched star is lightly damaged.
You barely miss the wretched star.
The wretched star is lightly damaged.
The wretched star glows turbulently.
The lance of force hits you.
You are knocked back by the lance of force.
The wretched star glows turbulently.
The lance of force hits you!!
Ouch! That really hurt!
You die...

▓▓▓▓▓▓▓
▓.8©8.▓
▓.....▓
▓.:.*.▓
▓.....▓
▓...@.▓
▓..©..▓
▓▓▓▓▓▓▓


You could see a wretched star.

Vanquished Creatures
  A white imp (D)
1 creature vanquished.

Notes
Turn   | Place    | Note
-------+----------+-------------------------------------------
     0 | D        | BigDaddyOpFi the Hill Orc Fighter began the quest for the
                  | Orb.
     0 | D        | Reached XP level 1. HP: 19/19 MP: 1/1
     3 | D        | Found a blossoming altar of Fedhas.
     3 | D        | Found the +6 Majin-Bo {spellvamp, MP+6 Int+6}
     3 | D        | Found the +27 heavy crossbow "Sniper" {heavy, Acc+∞ SInv}
     3 | D        | Found the +10 dark maul {heavy}
     3 | D        | Found the +15 Maxwell's patent armour {-Cast -Tele rElec
                  | Will+ rCorr}
     3 | D        | Found the +18 shield of the Gong {Loud rElec rN+ Will+
                  | EV-5}
     3 | D        | Found the +16 obsidian axe {drain, demonic, Mesm Drain Fly
                  | SInv}
     3 | D        | Found the +7 great mace "Firestarter" {flame, inner flame,
                  | rFlCloud rF++}
     3 | D        | Found the +6 shillelagh "Devastator" {shatter}
     3 | D        | Found the +11 plutonium sword {Contam Stlth-}
     3 | D        | Found the +8 lance "Wyrmbane" {slay drac, rPois rF+ rC+
                  | AC+3}
     3 | D        | Found the +9 sword of Zonguldrok {reap}
     3 | D        | Found the +13 scythe of Curses {drain, curses, Drain}
     3 | D        | Found the +9 sword of Power {lifebolt}
     3 | D        | Found the +7 mace of Variability {chaos, chain chaos}
     3 | D        | Found the +11 Singing Sword {sonic wave}
     3 | D        | Found the +8 storm bow {elec, penet}
     7 | D        | Found a shimmering blue altar of Sif Muna.
     7 | D        | Found a sacrificial altar of Ru.
     7 | D        | Found a bloodstained altar of Trog.
     7 | D        | Found a stormy altar of Qazlal.
     7 | D        | Found an iron altar of Okawaru.
     7 | D        | Found a sparkling altar of Nemelex Xobeh.
     9 | D        | Found a transporter.
     9 | D        | Found an ancient bone altar of Kikubaaqudgha.
     9 | D        | Found a viscous altar of Jiyva.
     9 | D        | Found a corrupted altar of Lugonu.
     9 | D        | Found a hazy altar of Hepliaklqana.
     9 | D        | Found a burning altar of Makhleb.
     9 | D        | Found an opulent altar of Gozag.
    49 | D        | Reached skill level 5 in Fighting
    49 | D        | Reached skill level 5 in Armour
    49 | D        | Reached skill level 5 in Shields
    49 | D        | Reached XP level 2. HP: 30/30 MP: 2/2
    59 | D        | Became a worshipper of Qazlal Stormbringer
    72 | D        | Entered arena 2.
    72 | D        | Noticed a wretched star
    72 | D        | Found a transporter.
    88 | D        | Killed from afar by a wretched star

Illustrated notes

Levels and vault maps discovered:
D:        sprint_v [room_start, room_1, room_2, room_3, room_4, room_5, room_6,
          room_7, room_8, room_9, room_10, room_11, room_12, room_13, room_14,
          room_15, room_16, room_17, room_18, room_19, room_20, room_21,
          room_22, room_23, room_24, room_25, room_26, room_27]

Skill      XL: |  1 |
---------------+----+-----
Fighting       | 5 |  5.8
Maces & Flails | 3 |  3.9
Armour         | 5 |  5.3
Shields        | 5 |  5.3
Axes           | |  2.6

Action                     || total
---------------------------++-------
  Melee: Shillelagh        ||    10
    Use: Potion            ||     3
 Armour: Plate armour      ||     5
  Block: Kite shield       ||     3

Table legend: (Time is in decaauts)
 A = Elapsed time spent in this place.
 B = Non-inter-level travel time spent in this place.
 C = Inter-level travel time spent in this place.
 D = Time resting spent in this place.
 E = Time spent auto-exploring this place.
 F = Levels seen in this place.
 G = Mean time per level.
                   A        B        C        D        E       F      G
               +--------+--------+--------+--------+--------+-----+--------+
         Total |     90 |     90 |      0 |      0 |      0 |   1 |   90.0 |
       Dungeon |     90 |     90 |      0 |      0 |      0 |   1 |   90.0 |
               +--------+--------+--------+--------+--------+-----+--------+

Top non-repeatable levels by time:
       D: 90 daAuts
